 Dungeon Crawl Stone Soup version 0.31-a0-1057-g70f3316b05 (webtiles) character file.

Game seed: 4269092421302854105

117403 Lusmu the Polluter (level 16, -6/107 HPs)
             Began as an Octopode Venom Mage on Nov 20, 2023.
             Was a Believer of Ashenzari.
             Killed from afar by Aizul (14 damage)
             ... with a bolt of poison
             ... on level 3 of the Spider Nest on Nov 21, 2023.
             The game lasted 04:18:16 (31955 turns).

Lusmu the Polluter (Octopode Venom Mage)           Turns: 31955, Time: 04:18:18

Health: -6/107     AC: 11    Str: 12 (13) XL:     16   Next: 74%
Magic:  37/37      EV: 23    Int: 32 (34) God:    Ashenzari [**....]
Gold:   1914       SH: 17    Dex: 16      Spells: 4/33 levels left

rFire   + . .        y - +6 Majin-Bo {spellvamp, MP+6 Int+6}
rCold   + + .        X - +5 kite shield "Tucrol" {rC+ Str+5}
rNeg    . . .        F - +2 hat of Ashenzari's Blue Moon {Dex+3, Cun, Fort} (curse)
rPois   .            O - amulet of magic regeneration
rElec   +            b - ring "Sidereal Restlessness" {AC+4, Comp, Self} (curse)
rCorr   .            f - ring of Desmomancy {EV+5, Elem, Bglg} (curse)
SInv    +            t - ring of protection from cold
Will    +....        q - ring "Putol" {Fire Fly rElec SInv Stlth-}
Stlth   ++++++       j - ring of protection from cold
HPRegen 0.37/turn    w - ring "Visionary Vexation" {Int+6, Elem, Cun} (curse)
MPRegen 0.65/turn    T - +4 ring of protection
                     V - ring of wizardry

%: wizardry (x1)
@: lethally poisoned (-6 -> -47), flying
A: almost no armour, amphibious, 8 rings, camouflage 1, gelatinous body 1,
(nimble swimmer 1), tentacles, frail 1, high MP 1, teleportitis 1, weak 1
a: Renounce Religion, Curse Item, Shatter the Chains


You were on level 3 of the Spider Nest.
You worshipped Ashenzari.
Ashenzari was pleased with you.
You visited 5 branches of the dungeon, and saw 26 of its levels.
You also visited: Sewer, Bailey and Gauntlet.

You collected 2905 gold pieces.
You spent 991 gold pieces at shops.

Inventory:

Hand Weapons
 y - the +6 Majin-Bo (weapon) {spellvamp, MP+6 Int+6}
   (You found it in a bailey)

   Int+6:     It affects your intelligence (+6).
   MP+6:      It affects your magic capacity (+6).
Missiles
 s - 34 poisoned darts
 v - 9 atropa-tipped darts
 B - 9 javelins
 P - a curare-tipped dart (quivered)
Armour
 h - a +2 hat
 F - the cursed +2 hat of Ashenzari's Blue Moon (worn) {Dex+3, Cun, Fort}
   (You found it on level 5 of the Dungeon)

   Dex+3:     It affects your dexterity (+3).
   It has a curse which improves the following skills: Cunning: Dodging and
   Stealth.
   Fortitude: Shields.
 X - the +5 kite shield "Tucrol" (worn) {rC+ Str+5}
   (You acquired it on level 1 of the Spider Nest)

   Str+5:     It affects your strength (+5).
   rC+:       It protects you from cold.
Magical Staves
 u - a staff of cold
Jewellery
 b - the cursed ring "Sidereal Restlessness" (left tentacle) {AC+4, Comp, Self}
   (You found it on level 1 of the Dungeon)

   [ring of protection]

   AC+4:      It affects your AC (+4).
   It has a curse which improves the following skills: Companions: Summonings
   and Necromancy.
   Introspection: Fighting and Spellcasting.
 f - the cursed ring of Desmomancy (right tentacle) {EV+5, Elem, Bglg}
   (You found it on level 1 of the Dungeon)

   [ring of evasion]

   EV+5:      It affects your evasion (+5).
   It has a curse which improves the following skills: Elements: Fire Magic, Ice
   Magic, Air Magic and Earth Magic.
   Beguiling: Conjurations, Hexes and Translocations.
 j - a ring of protection from cold (on tentacle)
 q - the ring "Putol" (on tentacle) {Fire Fly rElec SInv Stlth-}
   (You acquired it on level 1 of the Spider Nest)

   [ring of fire]

   Fire:      It enhances your fire magic.
   rF+:       It protects you from fire.
   rC-:       It makes you vulnerable to cold.
   rElec:     It insulates you from electricity.
   SInv:      It lets you see invisible.
   Fly:       It grants you flight.
   Stlth-:    It makes you less stealthy.
 t - a ring of protection from cold (on tentacle)
 w - the cursed ring "Visionary Vexation" (on tentacle) {Int+6, Elem, Cun}
   (You found it on level 4 of the Lair of Beasts)

   [ring of intelligence]

   Int+6:     It affects your intelligence (+6).
   It has a curse which improves the following skills: Elements: Fire Magic, Ice
   Magic, Air Magic and Earth Magic.
   Cunning:   Dodging and Stealth.
 C - an amulet of reflection
 K - a +4 ring of slaying
 O - an amulet of magic regeneration (around mantle)
 T - a +4 ring of protection (on tentacle)
 V - a ring of wizardry (on tentacle)
Wands
 l - a wand of mindburst (12)
 J - a wand of quicksilver (1)
 M - a wand of flame (8)
 N - a wand of paralysis (1)
 Q - a wand of roots (3)
Scrolls
 d - 5 scrolls of enchant armour
 k - 6 scrolls of enchant weapon
 n - 2 scrolls of brand weapon
 o - 3 scrolls of teleportation
 r - 2 scrolls of fog
 D - 3 scrolls of vulnerability
 E - 6 scrolls of poison
 G - 3 scrolls of amnesia
 L - 4 scrolls of silence
 R - a scroll of blinking
 U - 2 scrolls of fear
Potions
 a - 2 potions of magic
 c - 4 potions of attraction
 e - 5 potions of ambrosia
 g - 8 potions of curing
 i - 5 potions of brilliance
 m - 2 potions of haste
 p - 2 potions of cancellation
 x - 3 potions of invisibility
 z - 2 potions of heal wounds
 A - 2 potions of resistance
 H - 7 potions of enlightenment
 S - a potion of might
Miscellaneous
 I - a phial of floods


   Skills:
 + Level 13.0(14.1) Fighting
 - Level 7.0 Staves
 - Level 5.0 Throwing
 - Level 10.2(12.0) Dodging
 - Level 13.3(15.0) Stealth
 - Level 8.8(10.0) Shields
 - Level 7.8(9.0) Spellcasting
 - Level 5.8(7.0) Conjurations
 - Level 2.3(3.2) Hexes
 - Level 4.0 Transmutations
 + Level 9.5(11.2) Fire Magic
 - Level 2.3(3.7) Ice Magic
 - Level 6.2(8.0) Air Magic
 - Level 15.0 Poison Magic


You had 4 spell levels left.
You knew the following spells:

 Your Spells              Type           Power      Damage    Failure   Level
a - Sting                 Tmut/Pois      100%       1d8       1%          1
b - Mephitic Cloud        Conj/Pois/Air  68%        N/A       1%          3
c - Swiftness             Air            60%        N/A       1%          3
d - Olgreb's Toxic Radia  Pois           84%        N/A       1%          4
e - Ensorcelled Hibernat  Hex/Ice        72%        N/A       1%          2
f - Fireball              Conj/Fire      41%        3d17      2%          5
g - Ignite Poison         Fire/Tmut/Pois 87%        N/A       1%          3
h - Ignition              Fire           46%        3d13      89%         8

Your spell library contained the following spells:

 Spells                   Type           Power      Damage    Failure   Level
 Cigotuvi's Dreadful Rot  Necr/Pois/Air  100%       N/A       1%          2
 Poisonous Vapours        Pois/Air       100%       N/A       1%          2
 Wereblood                Tmut           40%        N/A       1%          2
 Hailstorm                Conj/Ice       48%        3d11      1%          3
 Inner Flame              Hex/Fire       75%        N/A       1%          3
 Flame Wave               Conj/Fire      83%        2d18      1%          4
 Sticky Flame             Conj/Fire      83%        2d9       1%          4
 Passwall                 Tmut/Erth      22%        N/A       2%          2
 Stone Arrow              Conj/Erth      74%        3d11      2%          3
 Blink                    Tloc           30%        N/A       5%          2
 Sublimation of Blood     Necr           15%        N/A       5%          2
 Cause Fear               Hex            17%        N/A       9%          4
 Summon Ice Beast         Ice/Summ       26%        N/A       16%         4
 Anguish                  Hex/Necr       12%        N/A       17%         4
 Manifold Assault         Tloc           15%        N/A       32%         4
 Passage of Golubria      Tloc           15%        N/A       32%         4
 Freezing Cloud           Conj/Ice/Air   26%        6-21      8%          5
 Silence                  Hex/Air        25%        N/A       10%         5
 Simulacrum               Ice/Necr       13%        N/A       91%         6
 Dispersal                Tloc           7%         N/A       99%         6
 Enfeeble                 Hex            17%        N/A       99%         7
 Summon Hydra             Summ           7%         N/A       100%        7
 Discord                  Hex            17%        N/A       100%        8
 Disjunction              Tloc           7%         N/A       100%        8
 Lehudib's Crystal Spear  Conj/Erth      18%        10d6      100%        8
 Dragon's Call            Summ           7%         N/A       100%        9
 Animate Armour           Summ/Erth      Unusable   N/A       N/A         4

Dungeon Overview and Level Annotations

Branches:
Dungeon (15/15)            Temple (1/1) D:5            Lair (5/5) D:10
  Swamp (0/4) Lair:3       Spider (3/4) Lair:2        Slime (0/5) Lair:5
    Orc (2/2) D:12            Elf (0/3) Orc:2        Vaults (0/5) D:14
  Sewer (visited)          Bailey (visited)         Gauntlet (visited)
 Depths: D:15

Altars:
Ashenzari
Cheibriados
Dithmenos
Elyvilon
Fedhas
Gozag
Hepliaklqana
Kikubaaqudgha
Makhleb
Nemelex Xobeh
Okawaru
Qazlal
Ru
Sif Muna
Trog
Uskayaw
Vehumet
Wu Jian
Xom
Yredelemnul
Zin
The Shining One
Jiyva

Shops:
Orc:2 :(?*

Portals:
Abyss: D:13
Pandemonium: Orc:2

Annotations:
D:6 1 runed translucent door, ripuliukko's ghost, novice GrEE
D:10 3 runed translucent doors, Azuvok's ghost, journeyman HOFi; Loefaen's ghost, novice OpSh
D:13 1 transporter, Dahifo's ghost, journeyman TrMo
Spider:3 Aizul
Orc:2 3 runed translucent doors, IkaDoka's ghost, adept HOSu


Innate Abilities, Weirdness & Mutations

You cannot wear most types of armour.
You are amphibious.
You can wear up to eight rings at the same time.
Your skin changes colour to match your surroundings (Stealth+).
Your rubbery body absorbs attacks. (AC +1, EV +1)
((You are camouflaged when in or above water. (Stealth+)))
You have tentacles for arms and can constrict up to eight enemies at once.
You are frail. (-10% HP)
You have an increased reservoir of magic. (+10% MP)
You are occasionally teleported next to monsters.
You are weak. (Str -2)


Message History

A radroach comes into view.
The spark wasp completely misses you.
You barely miss the spark wasp.
The spark wasp is almost dead.
You constrict the spark wasp.
You kill the spark wasp!
Aizul the Neglectful Guardian comes into view.
The jumping spider leaps!
Blink to where?
Press: ? - help, Dir - move target
As you read the scroll of blinking, it crumbles to dust.
The jumping spider leaps!
Aizul is caught in a web!
You pick your way through the web.
There is a web here.
Aizul screams, "I'll haunt your nightmares!"
Aizul casts a spell at you.
You fall asleep.
Aizul coils herself and waves her upper body at you.
The bolt of poison hits you!!
You are poisoned.
You wake up.
Aizul casts a spell at you. The bolt of poison hits you!!
You are more poisoned.
You feel extremely sick.
You feel extremely sick.
You feel very sick.
You feel very sick. Aizul casts a spell at you. The bolt of poison hits you!
You are lethally poisoned!
* * * LOW HITPOINT WARNING * * *
The sentinel's mark upon you fades away.
* * * LOW HITPOINT WARNING * * *
You feel extremely sick. Aizul casts a spell at you.
The bolt of poison hits you!
You are more poisoned.
You die...

######### ........# ......##
#....## ##.....###
#^.......### ##..##..@...#
#### ...#...###.....# ##..##
.^........##....# ##....#
............#.^## #.....#
..............### #.....##
..............S.######.....#
.##....#####..s..^S.s#.....#
##... #########.B.....##
##.# ##.......#


You could see Aizul and a jumping spider.

Vanquished Creatures
  Rupert (Lair:3)
  Kirke (D:14)
  An emperor scorpion (Spider:2)
  A ghost moth (Spider:2)
  An orc warlord (Orc:2)
  A broodmother (Spider:2)
  3 spark wasps
  A fire dragon (D:13)
  5 hydras
  2 entropy weavers (Spider:2)
  3 demonspawn (Orc:2)
  A catoblepas (Lair:2)
  5 centaur warriors
  2 radroaches (Spider:2)
  9 boulder beetles
  8 two-headed ogres
  5 death yaks (Lair:5)
  8 demonic crawlers
  7 orc high priests (Orc:2)
  A skyshark (Lair:5)
  A soul eater (Orc:2)
  Sonja (D:12)
  4 pharaoh ants
  5 orb spiders
  A bog body (Lair:3)
  A steelbarb worm (Spider:3)
  A harpy (shapeshifter) (D:14)
  5 orc knights
  4 ugly things
  5 orc sorcerers (Orc:2)
  10 wolf spiders
  3 cyclopes
  2 black mambas
  2 rust devils (Orc:2)
  11 elephants
  3 gargoyles
  2 torpor snails (Spider:2)
  11 cane toads
  4 rime drakes
  A rime drake (shapeshifter) (D:14)
  A kobold demonologist (D:9)
  2 unseen horrors
  10 komodo dragons
  A yaktaur (shapeshifter) (D:14)
  A red devil (Orc:2)
  7 polar bears
  9 trolls
  A queen bee (Lair:2)
  5 tarantellas
  13 blink frogs
  6 hornets
  14 dream sheep
  6 slime creatures
  12 jumping spiders
  6 culicivoras
  A shadow (D:12)
  A vampire (D:9)
  A ynoxinul (Orc:2)
  43 yaks
  10 spriggans (Lair:5)
  2 water elementals (D:12)
  3 humans (D:14)
  5 vampire mosquitoes
  4 hogs (D:14)
  A fire bat (shapeshifter) (D:13)
  4 wraiths
  A basilisk (shapeshifter) (D:15)
  2 steam dragons
  21 redbacks
  7 basilisks
  A chaos spawn (Orc:2)
  Grum (D:11)
  2 acid dragons (D:10)
  12 water moccasins
  3 ice beasts
  32 orc warriors
  3 sky beasts
  6 black bears
  2 ogres
  4 boggarts (Lair:5)
  24 wolves
  14 centaurs
  A kobold brigand (D:7)
  14 bullfrogs
  A gnoll sergeant (D:10)
  3 scorpions
  5 wights
  29 killer bees
  An electric eel (D:12)
  2 howler monkeys
  8 jellies
  4 hounds
  28 orc priests
  2 gnoll boudas
  An iguana (D:5)
  17 orc wizards
  Robin (D:3)
  19 gnolls
  6 adders
  2 river rats
  2 white imps
  2 worms
  2 dart slugs
  81 orcs
  15 endoplasms
  8 giant cockroaches
  24 goblins
  15 hobgoblins
  22 kobolds
  5 quokkas
  14 ball pythons
  7 bats
  10 frilled lizards
  11 rats
  2 butterflies (D:4)
811 creatures vanquished.

Vanquished Creatures (others)
  A ghost moth (Spider:3)
1 creature vanquished.

Grand Total: 812 creatures vanquished

Notes
Turn   | Place    | Note
-------+----------+-------------------------------------------
     0 | D:1      | Lusmu the Octopode Venom Mage began the quest for the Orb.
     0 | D:1      | Reached XP level 1. HP: 11/11 MP: 3/3
   288 | D:1      | Reached XP level 2. HP: 17/17 MP: 5/5
   967 | D:1      | Found a faded altar of an unknown god.
  1050 | D:2      | Reached skill level 4 in Poison Magic
  1246 | D:2      | Reached XP level 3. HP: 21/21 MP: 3/6
  2132 | D:2      | Found a shimmering altar of Xom.
  2174 | D:2      | Reached XP level 4. HP: 27/27 MP: 8/8
  2998 | D:3      | Reached skill level 5 in Poison Magic
  2998 | D:3      | Reached XP level 5. HP: 31/31 MP: 9/9
  3022 | D:3      | Reached skill level 5 in Stealth
  3043 | D:3      | Identified the +5 chain mail of Decompression {rC- rN+
                  | rCorr SInv}
  3211 | D:3      | Noticed Robin
  3371 | D:3      | Killed Robin
  3979 | D:4      | Reached XP level 6. HP: 29/36 MP: 7/10
  4013 | D:4      | Found a shimmering altar of Xom.
  4178 | D:4      | Reached skill level 6 in Poison Magic
  4186 | D:4      | Learned a level 3 spell: Mephitic Cloud
  4420 | D:4      | Found a glowing drain.
  4429 | Sewer    | Entered a sewer
  4510 | Sewer    | Reached skill level 1 in Shields
  4533 | Sewer    | Reached skill level 1 in Conjurations
  4563 | Sewer    | Reached skill level 1 in Air Magic
  4700 | Sewer    | Reached XP level 7. HP: 28/41 MP: 8/11
  4728 | Sewer    | Found a viscous altar of Jiyva.
  5294 | D:4      | Found a shimmering blue altar of Sif Muna.
  5543 | D:5      | Entered Level 5 of the Dungeon
  5719 | D:5      | Found a staircase to the Ecumenical Temple.
  5842 | Temple   | Entered the Ecumenical Temple
  6116 | D:5      | Found a bloodstained altar of Trog.
  6134 | D:5      | Identified the +2 hat of Infinity {Dex+3}
  6617 | D:5      | Reached XP level 8. HP: 37/46 MP: 12/12
  6663 | D:6      | Noticed a yak
  6862 | D:6      | Gained mutation: A frigid envelope surrounds you and
                  | freezes all who hurt you. [potion of mutation]
  6862 | D:6      | Gained mutation: You are weak. (Str -2) [potion of
                  | mutation]
  6862 | D:6      | Gained mutation: You passively dampen the noise of your
                  | surroundings. [potion of mutation]
  7021 | D:6      | Lost mutation: A frigid envelope surrounds you and freezes
                  | all who hurt you. [potion of mutation]
  7021 | D:6      | Lost mutation: You passively dampen the noise of your
                  | surroundings. [potion of mutation]
  7021 | D:6      | Gained mutation: You passively dampen the noise of your
                  | surroundings. [potion of mutation]
  7021 | D:6      | Gained mutation: You are clumsy. (Dex -2) [potion of
                  | mutation]
  7021 | D:6      | Gained mutation: You have hidden genetic potential. [potion
                  | of mutation]
  7101 | D:6      | Found a hazy altar of Hepliaklqana.
  7104 | D:6      | Found a burning altar of Makhleb.
  7105 | D:6      | Found a sacrificial altar of Ru.
  7105 | D:6      | Found an ornate altar of the Wu Jian Council.
  7183 | D:6      | Found a white marble altar of Elyvilon.
  7223 | D:6      | Found a runed translucent door.
  7228 | D:6      | Noticed ripuliukko's ghost (novice GrEE)
  7432 | Temple   | Became a worshipper of Ashenzari the Shackled
  7536 | D:6      | Noticed a yak
  7589 | D:6      | Killed a yak
  7711 | D:6      | Noticed a yak
  7712 | D:6      | Noticed a yak
  7714 | D:6      | Noticed a yak
  7714 | D:6      | Noticed a yak
  7730 | D:6      | Killed a yak
  7731 | D:6      | Reached skill level 5 in Shields
  7746 | D:6      | Killed a yak
  7747 | D:6      | Reached skill level 1 in Fighting
  7747 | D:6      | Reached skill level 1 in Throwing
  7747 | D:6      | Reached XP level 9. HP: 37/53 MP: 1/13
  7888 | D:6      | Learned a level 3 spell: Swiftness
  7893 | D:6      | Learned a level 4 spell: Olgreb's Toxic Radiance
  7983 | D:6      | Gained mutation: You have an increased reservoir of magic.
                  | (+10% MP) [hidden potential]
  8369 | D:7      | Found a shadowy altar of Dithmenos.
  8502 | D:7      | Found a flagged portal.
  8521 | Bailey   | Entered a bailey
  8620 | Bailey   | Found the +6 Majin-Bo {spellvamp, MP+6 Int+6}
  8875 | Bailey   | Reached skill level 7 in Poison Magic
  9647 | D:7      | Reached XP level 10. HP: 64/64 MP: 15/17
  9698 | D:7      | Gained mutation: Your flesh is heat resistant. (rF+)
                  | [hidden potential]
  9698 | D:7      | Lost mutation: You have hidden genetic potential. [hidden
                  | potential expressed]
  9842 | D:7      | Reached skill level 8 in Poison Magic
  9889 | D:7      | Reached * piety under Ashenzari
  9908 | D:8      | Noticed a centaur warrior
 10036 | D:8      | Killed a centaur warrior
 10037 | D:8      | Reached skill level 5 in Dodging
 10158 | D:8      | Reached skill level 5 in Throwing
 10275 | D:8      | Reached skill level 5 in Fighting
 10401 | D:8      | Reached skill level 9 in Poison Magic
 10421 | D:8      | Found a radiant altar of Vehumet.
 10689 | D:9      | Noticed a kobold demonologist
 10700 | D:9      | Killed a kobold demonologist
 10736 | D:9      | Noticed a two-headed ogre
 10765 | D:9      | Killed a two-headed ogre
 10766 | D:9      | Reached skill level 10 in Poison Magic
 10766 | D:9      | Reached XP level 11. HP: 74/77 MP: 3/19
 11151 | D:10     | Entered Level 10 of the Dungeon
 11169 | D:9      | Reached skill level 1 in Staves
 11548 | D:10     | Noticed a boulder beetle
 12023 | D:10     | Found a blossoming altar of Fedhas.
 12036 | D:10     | Found an opulent altar of Gozag.
 12036 | D:10     | Noticed a boulder beetle
 12059 | D:10     | Found an iron altar of Okawaru.
 12121 | D:10     | Found a runed translucent gate.
 12122 | D:10     | Found a runed translucent gate.
 12122 | D:10     | Found a runed translucent gate.
 12123 | D:10     | Noticed Loefaen's ghost (novice OpSh)
 12124 | D:10     | Noticed Azuvok's ghost (journeyman HOFi)
 12157 | D:10     | Found a staircase to the Lair.
 12160 | D:10     | Noticed a two-headed ogre
 12184 | D:10     | Killed a two-headed ogre
 12185 | D:10     | Reached skill level 5 in Air Magic
 12278 | D:10     | Noticed a two-headed ogre
 12292 | D:10     | Killed a two-headed ogre
 12458 | Lair:1   | Entered Level 1 of the Lair of Beasts
 12903 | Lair:1   | Reached XP level 12. HP: 84/84 MP: 21/21
 13029 | Lair:1   | Reached skill level 5 in Staves
 13037 | Lair:1   | Found a bloodstained altar of Trog.
 13457 | Lair:1   | Lost mutation: Your flesh is heat resistant. (rF+) [potion
                  | of mutation]
 13457 | Lair:1   | Lost mutation: You passively dampen the noise of your
                  | surroundings. [potion of mutation]
 13457 | Lair:1   | Gained mutation: You are frail. (-10% HP) [potion of
                  | mutation]
 13457 | Lair:1   | Gained mutation: You are occasionally teleported next to
                  | monsters. [potion of mutation]
 13457 | Lair:1   | Lost mutation: You are clumsy. (Dex -2) [potion of
                  | mutation]
 13612 | Lair:2   | Noticed a catoblepas
 13649 | Lair:2   | Reached skill level 10 in Stealth
 13987 | Lair:2   | Found a hole to the Spider Nest.
 14723 | Lair:2   | Killed a catoblepas
 15019 | Lair:3   | Noticed a four-headed hydra
 15055 | Lair:3   | Noticed a four-headed hydra
 15069 | Lair:2   | Learned a level 2 spell: Ensorcelled Hibernation
 15151 | Lair:3   | Reached skill level 1 in Hexes
 15151 | Lair:3   | Reached skill level 1 in Ice Magic
 15396 | Lair:3   | Killed a four-headed hydra
 15968 | Lair:3   | Found a staircase to the Swamp.
 16000 | Lair:3   | Noticed Rupert
 16286 | Lair:3   | Reached XP level 13. HP: 82/82 MP: 23/23
 16612 | Lair:4   | Reached skill level 5 in Spellcasting
 16896 | Lair:4   | Found a gate leading to a gauntlet.
 16908 | Gauntlet | Entered a Gauntlet
 16908 | Gauntlet | Found a transporter.
 16908 | Gauntlet | Found a transporter.
 16914 | Gauntlet | Found a transporter.
 16919 | Gauntlet | Identified the ring of Tuefaafi {rC+ Str+6 Stlth+}
 16928 | Gauntlet | Found a transporter.
 16942 | Gauntlet | Found a transporter.
 16956 | Gauntlet | Found a transporter.
 16958 | Gauntlet | Noticed a great orb of eyes
 16990 | Gauntlet | Noticed a great orb of eyes
 17047 | Gauntlet | Found a transporter.
 17047 | Gauntlet | Found a transporter.
 17058 | Gauntlet | Found a transporter.
 17062 | Gauntlet | Found a transporter.
 17062 | Gauntlet | Identified the ring "Baesamo" {rElec Will+ Int+5 Slay-4}
 17066 | Gauntlet | Identified the Enchiridion on Fetching Cinders
 17066 | Gauntlet | Found the +15 Maxwell's patent armour {-Cast -Tele rElec
                  | Will+ rCorr}
 17067 | Gauntlet | Found a transporter.
 17067 | Gauntlet | Found a transporter.
 17098 | Gauntlet | Found a transporter.
 17118 | Gauntlet | Found a transporter.
 17152 | Gauntlet | Found a transporter.
 17166 | Gauntlet | Noticed a dire elephant
 17168 | Gauntlet | Found a transporter.
 17637 | Lair:4   | Identified the +8 long sword of Serir {heavy, rF+ Int+2}
 17824 | Lair:4   | Reached skill level 11 in Poison Magic
 17862 | Lair:5   | Entered Level 5 of the Lair of Beasts
 17913 | Lair:5   | Found a staircase to the Slime Pits.
 18006 | Lair:5   | Found a viscous altar of Jiyva.
 18751 | Lair:5   | Reached skill level 12 in Poison Magic
 18788 | Lair:5   | Reached XP level 14. HP: 89/89 MP: 13/28
 18801 | Lair:5   | Reached ** piety under Ashenzari
 18937 | Lair:5   | Reached skill level 10 in Fighting
 19359 | Lair:5   | Reached skill level 13 in Poison Magic
 19620 | Lair:3   | Paralysed by Rupert for 3 turns
 19662 | Lair:3   | Killed Rupert
 21463 | D:11     | Noticed Grum
 21470 | D:11     | Killed Grum
 21590 | D:11     | Identified the +0 dagger of Witera {elec, *Rage rElec rPois
                  | Dex+3}
 21631 | D:11     | Reached skill level 14 in Poison Magic
 22244 | D:12     | Noticed Sonja
 22252 | D:12     | Killed Sonja
 22564 | D:12     | Found a staircase to the Orcish Mines.
 22898 | D:13     | Found a transporter.
 22913 | D:13     | Found a one-way gate to the infinite horrors of the Abyss.
 22913 | D:13     | Noticed Dahifo's ghost (journeyman TrMo)
 22953 | D:13     | You fall into a shaft and drop 2 floors!
 22953 | D:15     | Entered Level 15 of the Dungeon
 23208 | D:13     | Reached XP level 15. HP: 41/97 MP: 30/30
 23442 | D:13     | Reached skill level 15 in Poison Magic
 24227 | D:14     | Learned a level 5 spell: Fireball
 24634 | D:14     | Noticed Kirke
 24646 | D:14     | Killed Kirke
 24647 | D:14     | Reached skill level 1 in Fire Magic
 24868 | D:14     | Found a gate to the Vaults.
 25206 | D:15     | Found an opulent altar of Gozag.
 25511 | Orc:1    | Entered Level 1 of the Orcish Mines
 25542 | Orc:1    | Reached skill level 10 in Dodging
 26035 | Orc:2    | Entered Level 2 of the Orcish Mines
 26113 | Orc:2    | Found a runed translucent gate.
 26113 | Orc:2    | Found a runed translucent gate.
 26113 | Orc:2    | Found a runed translucent gate.
 26123 | Orc:2    | Noticed IkaDoka's ghost (adept HOSu)
 26432 | Orc:2    | Found a staircase to the Elven Halls.
 26464 | Orc:2    | Reached skill level 5 in Conjurations
 26478 | Orc:2    | Noticed an orc warlord
 26487 | Orc:2    | Killed an orc warlord
 26488 | Orc:2    | Paralysed by an orc sorcerer for 2 turns
 26606 | Orc:2    | Found Reyp's Magic Scroll Shoppe.
 26611 | Orc:2    | Found Qukhlios's General Store.
 26782 | Orc:2    | Paralysed by an orc sorcerer for 4 turns
 26895 | Orc:2    | Reached skill level 5 in Fire Magic
 27010 | Orc:2    | Found Laez's Antique Weapon Boutique.
 27010 | Orc:2    | Found a one-way gate leading to the halls of Pandemonium.
 27010 | Orc:2    | Found Hiempamy's Book Shop.
 27028 | Orc:2    | Bought a Trismegistus Codex for 312 gold pieces
 27032 | Orc:2    | Learned a level 3 spell: Ignite Poison
 27034 | Orc:2    | Bought the Unrestrained Analects for 552 gold pieces
 27043 | Orc:2    | Learned a level 8 spell: Ignition
 27083 | Orc:2    | Bought a scroll of fear for 52 gold pieces
 27086 | Orc:2    | Bought a scroll of blinking for 75 gold pieces
 27502 | Spider:1 | Entered Level 1 of the Spider Nest
 28090 | Spider:1 | Reached XP level 16. HP: 102/102 MP: 31/31
 30526 | Spider:2 | Identified 3 scrolls of acquirement
 31018 | Spider:1 | Acquired the +5 kite shield "Tucrol" {rC+ Str+5}
 31036 | Spider:1 | Acquired the orb "Unligiukk" {light, rF+ Will+ Str+3}
 31042 | Spider:1 | Acquired the ring "Putol" {Fire Fly rElec SInv Stlth-}
 31934 | Spider:3 | Identified the serpent talisman of Spring Thaw {Str+2}
 31934 | Spider:3 | Noticed Aizul
 31955 | Spider:3 | Killed from afar by Aizul

Illustrated notes

Levels and vault maps discovered:
D:1:      amcnicky_arrival_single_pillar, layout_loops_corners,
          dilly_ecumenical_altar_fadedgnrine
D:2:      minmay_inner_zag, layout_basic, basic_altar, minmay_tetromino_l2
D:3:      minmay_chambers_of_threes, layout_basic, guppyfry_early_orc_mine,
          uniq_robin
D:4:      layout_gridville, tgw_sif, xom_butterflies, portal_sewer_entry_a,
          small_statue_intersection
D:5:      layout_basic, kennysheep_little_box, minmay_temple_entry_statues,
          nrook_loot_triangle, kennysheep_doodads, minmay_misc_feat_more_columns
D:6:      layout_basic, grunt_temple_overflow_open, elyvilon_altar_5,
          ebering_ghost_sewer_d, minmay_misc_feat_rows, nicolae_letterblocks
          [nicolae_letter_subblock, nicolae_letter_subblock,
          nicolae_letter_subblock, nicolae_letter_subblock,
          nicolae_letter_subblock, nicolae_letter_subblock,
          nicolae_letter_subblock, nicolae_letter_subblock,
          nicolae_letter_subblock, nicolae_letter_subblock,
          nicolae_letter_subblock, nicolae_letter_subblock,
          nicolae_letter_subblock, nicolae_letter_subblock,
          nicolae_letter_subblock, nicolae_letter_subblock,
          nicolae_letter_subblock, nicolae_letter_subblock,
          nicolae_letter_subblock, nicolae_letter_subblock,
          nicolae_letter_subblock, nicolae_letter_subblock,
          nicolae_letter_subblock, nicolae_letter_subblock,
          nicolae_letter_subblock]
D:7:      layout_gridville, lemuel_round_altar, enter_bailey_4,
          nicolae_kite_square_tiling_tiny
D:8:      layout_rooms, vehumet_altar_wand_db
D:9:      layout_cave_pools
D:10:     hangedman_cross_cluster, layout_loops_corners,
          mainiacjoe_overflow_surrounded_room, kennysheep_okawaru_gauntlet,
          lemuel_crystal_altar, gammafunk_ghost_cemetery
D:11:     layout_rooms, uniq_grum
D:12:     layout_cave_pools, david_orc_5, chequers_big_river, uniq_sonja
D:13:     layout_basic, gammafunk_ghost_abyssal_escape
D:14:     layout_loops_corners, david_vaults_2, hangedman_decor_lopped,
          serial_aquarium, aquarium_bridge_long_joined [aquarium_subvault_wall,
          aquarium_subvault_window, aquarium_subvault_window,
          aquarium_subvault_bridge, aquarium_subvault_bridge,
          aquarium_subvault_balcony], aquarium_window_double,
          aquarium_window_corridor_2, aquarium_view_2b, aquarium_view_2d,
          aquarium_pool_side, uniq_kirke
D:15:     gammafunk_depths_entry_grave, layout_irregular_city, serial_glass,
          glass_columns_a, glass_columns_a, grunt_gozag_statues
Temple:   jpeg_temple_island
Lair:1:   layout_gridlike, basic_altar
Lair:2:   layout_hall_layers, spider_nest_entry_rubble, special_room
          [special_room_bee]
Lair:3:   layout_cave_pods, skrybe_swamp_entry_bodies, grunt_megastairs_2,
          uniq_rupert
Lair:4:   layout_long_grid, gauntlet_entry_generic
Lair:5:   minmay_lair_end_enchanted_forest, layout_big_grid,
          nicolae_slime_entry_field_trip, serial_bayou_shore_a
Spider:1: cheibrodos_forgotten_conduit, special_room,
          hellmonk_watch_for_rolling_rocks
Spider:2: layout_chambers
Spider:3: layout_cave_pods, nicolae_spider_world_wide_web, uniq_nikola,
          uniq_aizul
Orc:1:    layout_caves, nicolae_orc_bridge_out
Orc:2:    pf_orc_diabolical, layout_diamond_mine, gammafunk_ghost_necromancy,
          mines4_lemuel

Skill      XL: |  1  2  3  4  5  6  7  8  9 10 11 12 13 14 15 16 |
---------------+-------------------------------------------------+-----
Stealth        | 3 4 5 6 8 9 11 13 | 13.3
Poison Magic   | 4 5 6 7 10 12 14 15 | 15.0
Spellcasting   | 3 4 7 |  7.8
Shields        | 1 3 5 8 |  8.8
Conjurations   | 1 3 4 5 |  5.8
Air Magic      | 1 3 4 6 |  6.2
Fighting       | 1 3 7 8 9 10 11 13 | 13.0
Throwing       | 1 3 5 |  5.0
Dodging        | 4 5 6 9 10 | 10.2
Staves         | 4 5 7 |  7.0
Hexes          | 2 |  2.3
Ice Magic      | 2 |  2.3
Transmutations | 2 3 4 |  4.0
Fire Magic     | 6 9 |  9.5

Action                     |  1- 3 |  4- 6 |  7- 9 | 10-12 | 13-15 | 16-18 || total
---------------------------+-------+-------+-------+-------+-------+-------++-------
  Melee: Unarmed           |    12 |       |       |       |       |       ||    12
         Tentacles         |     9 |    23 |    62 |    75 |   206 |    65 ||   440
         Constrict         |     9 |    25 |    47 |    42 |    84 |    17 ||   224
         Mace              |    20 |       |       |       |       |       ||    20
         Short sword       |    35 |   114 |   207 |       |       |       ||   356
         Punch             |       |     2 |     6 |     2 |     9 |     2 ||    21
         Bo                |       |       |    41 |   259 |   615 |   173 ||  1088
  Throw: Dart              |       |     6 |     9 |       |     2 |     1 ||    18
         Javelin           |       |       |       |    23 |    10 |       ||    33
   Cast: Sting             |     9 |    32 |    71 |    38 |     9 |     2 ||   161
         Mephitic Cloud    |       |       |    19 |    32 |    78 |    32 ||   161
         Olgreb's Toxic Ra |       |       |     5 |    48 |   179 |    45 ||   277
         Swiftness         |       |       |     2 |     2 |     1 |     1 ||     6
         Ensorcelled Hiber |       |       |       |     4 |     9 |       ||    13
         Ignite Poison     |       |       |       |       |     8 |    29 ||    37
         Fireball          |       |       |       |       |     3 |    25 ||    28
 Invoke: Curse Item        |       |       |     1 |     2 |     1 |       ||     4
  Evoke: Phial of floods   |       |       |       |     1 |     1 |       ||     2
         Wand              |       |       |       |     5 |     8 |       ||    13
    Use: Scroll            |       |     4 |     3 |     7 |     4 |     9 ||    27
         Potion            |       |       |     4 |     3 |    11 |     7 ||    25
   Stab: Sleeping          |    15 |    21 |     5 |    15 |    17 |     1 ||    74
         Confused          |       |       |     4 |     7 |    15 |       ||    26
         Paralysed         |       |       |       |     3 |       |       ||     3
         Distracted        |       |       |       |     1 |     3 |     1 ||     5
 Armour: Skin              |    16 |    26 |    97 |   128 |   310 |   157 ||   734
  Dodge: Dodged            |    37 |    71 |   160 |   251 |   542 |   221 ||  1282
  Block: Buckler           |     6 |    13 |    41 |    81 |   188 |       ||   329
         Kite shield       |       |       |       |       |       |   267 ||   267

Table legend: (Time is in decaauts)
 A = Elapsed time spent in this place.
 B = Non-inter-level travel time spent in this place.
 C = Inter-level travel time spent in this place.
 D = Time resting spent in this place.
 E = Time spent auto-exploring this place.
 F = Levels seen in this place.
 G = Mean time per level.
                   A        B        C        D        E       F      G
               +--------+--------+--------+--------+--------+-----+--------+
         Total |  32044 |  30791 |   1253 |   6970 |   6942 |  29 | 1105.0 |
       Dungeon |  16846 |  15987 |    859 |   2948 |   3907 |  15 | 1123.1 |
        Temple |    150 |    124 |     26 |      0 |      0 |   1 |  150.0 |
          Lair |   7516 |   7356 |    160 |   1834 |   1350 |   5 | 1503.2 |
   Spider Nest |   4336 |   4143 |    193 |   1777 |    847 |   3 | 1445.3 |
  Orcish Mines |   1748 |   1734 |     14 |    224 |    705 |   2 |  874.0 |
         Sewer |    334 |    334 |      0 |     77 |      2 |   1 |  334.0 |
        Bailey |    606 |    606 |      0 |    110 |     12 |   1 |  606.0 |
      Gauntlet |    505 |    505 |      0 |      0 |    119 |   1 |  505.0 |
               +--------+--------+--------+--------+--------+-----+--------+

Top non-repeatable levels by time:
  Lair:2: 2391 daAuts
Spider:2: 2331 daAuts
    D:10: 2114 daAuts
Spider:1: 1773 daAuts
     D:2: 1524 daAuts
  Lair:5: 1517 daAuts
     D:6: 1431 daAuts
     D:3: 1416 daAuts
    D:14: 1357 daAuts
  Lair:3: 1302 daAuts
    D:12: 1297 daAuts
  Lair:1: 1283 daAuts
     D:4: 1244 daAuts
   Orc:2: 1188 daAuts
     D:5: 1164 daAuts
